 Dungeon Crawl Stone Soup version 0.31.0-11-ge490571c62 (webtiles) character file.

Game seed: 13404948284263550376

35 qw the Shooter (level 3, -1/18 HPs)
             Began as a Spriggan Hunter on Feb 3, 2024.
             Slain by a goblin
             ... wielding a +0 club
             ... led by Robin
              (2 damage)
             ... on level 1 of the Dungeon.
             The game lasted 00:00:16 (833 turns).

qw the Shooter (Spriggan Hunter)                     Turns: 833, Time: 00:00:17

Health: -1/18      AC:  3    Str:  7    XL:     3   Next: 17%
Magic:  4/4        EV: 19    Int: 10    God:
Gold:   36         SH:  0    Dex: 20    Spells: 2/2 levels left

rFire   . . .        a - +0 shortbow
rCold   . . .        (shield currently unavailable)
rNeg    . . .        c - +0 robe
rPois   .            (helmet restricted)
rElec   .            h - +0 cloak
rCorr   .            (gloves unavailable)
SInv    +            (boots unavailable)
Will    .....        (no amulet)
Stlth   ++           (no ring)
HPRegen 0.23/turn    (no ring)
MPRegen 0.09/turn

%: no passive effects
@: lethally poisoned (-1 -> -7), very quick
A: very small, no large weapons, unfitting armour, see invisible, speed 3
a: no special abilities


You were on level 1 of the Dungeon.
You visited 1 branch of the dungeon, and saw 2 of its levels.

You collected 36 gold pieces.


Innate Abilities, Weirdness & Mutations

You are very small and have problems with some larger weapons.
You are too small for most types of armour.
You have supernaturally acute eyesight. (SInv)
You cover ground extremely quickly. (Speed+++)


   Skills:
 - Level 1.5 Fighting
 + Level 4.4 Ranged Weapons
 - Level 4.1 Dodging
 - Level 1.5 Stealth


You had 2 spell levels left.
You didn't know any spells.
Your spell library was empty.

Inventory:

Hand Weapons
 a - a +0 shortbow (weapon)
Armour
 c - a +0 robe (worn)
 h - a +0 cloak (worn)
Potions
 f - a potion of haste {unknown}
 g - a potion of heal wounds {unknown}

Dungeon Overview and Level Annotations

Branches:
Dungeon (2/15)

Altars:


Message History

805 ||| STAIRDANCE The goblin hits you with a +0 club.
The goblin hits you but does no damage.
You climb upwards.
There is a stone staircase leading down, spattered with blood here.
You shoot an arrow. The arrow barely misses the goblin.
The goblin closely misses you. The goblin hits you with a +0 club.
You shoot an arrow. The arrow closely misses the goblin.
The goblin hits you but does no damage. The goblin completely misses you.
You shoot an arrow. The arrow hits the goblin.
The goblin is heavily wounded.
The goblin closely misses you. The goblin hits you but does no damage.
You shoot an arrow. The arrow hits the goblin!
You kill the goblin!
The goblin completely misses you.
You shoot an arrow. The arrow hits the goblin!
You kill the goblin!
You start resting.
HP restored.
You climb downwards.
The adder bites you.
You are poisoned.
The adder poisons you! The adder bites you.
You are more poisoned.
The adder poisons you!
There is a stone staircase leading up, spattered with blood here.
829 ||| STAIRDANCE You feel very sick.
The adder barely misses you. The goblin misses you.
The adder completely misses you.
You climb upwards.
You feel sick.
There is a stone staircase leading down, spattered with blood here.
You shoot an arrow. The arrow hits the adder!
The adder is severely wounded.
You feel sick. The goblin closely misses you. The adder bites you.
You shoot an arrow. The arrow barely misses the adder.
You feel sick. The adder bites you.
You are lethally poisoned!
The adder poisons you! The goblin misses you. The adder barely misses you.
You shoot an arrow. The arrow closely misses the adder.
You feel sick. The goblin hits you with a +0 club.
You die...

#..# ##.###.#
#......'... ##.#
#..##.###
#.....##... ..)#
#.......#
#.....##... ####
#.#...#.#
#....###...
#.##..#.# #....#
#... #.###.#.#
#....# #... #.#
#.#.######....#
#... #.#
#.#)S.......###
#### #.#
#.)@g.......#
#.###.#)#######.#
#.#...........#.#
#.#.#.#....##.#.#
#.#.#.#.......#.#
#.#.#.#....####.#
#.#.#.###..#
#.####
#.#.#...#..#
#....#
#.#.###.#..#
####.#


You could see an adder and a goblin.

Vanquished Creatures
  2 dart slugs (D:1)
  2 bats (D:1)
  An endoplasm (D:1)
  4 goblins (D:1)
  2 hobgoblins (D:1)
  8 jackals (D:1)
  A ball python (D:1)
  A frilled lizard (D:1)
  5 kobolds (D:1)
  2 rats (D:1)
28 creatures vanquished.

Notes
Turn   | Place    | Note
-------+----------+-------------------------------------------
     0 | D:1      | qw the Spriggan Hunter began the quest for the Orb.
     0 | D:1      | Reached XP level 1. HP: 10/10 MP: 2/2
     0 | D:1      | 0 ||| qw: Version: 0.3-a-155-g5e7d8dd
     0 | D:1      | 0 ||| qw: Game counter: 3206
     0 | D:1      | 0 ||| qw: Melee chars always use a shield: true
     0 | D:1      | 0 ||| qw: God list: Okawaru
     0 | D:1      | 0 ||| qw: Allow faded altars: false
     0 | D:1      | 0 ||| qw: Do Orc after clearing Dungeon:15 true
     0 | D:1      | 0 ||| qw: Do second Lair branch before Depths: true
     0 | D:1      | 0 ||| qw: Lair rune preference: random
     0 | D:1      | 0 ||| qw: Goals: Normal
     0 | D:1      | 0 ||| PLANNING D:1-11
   141 | D:1      | Reached skill level 3 in Dodging
   157 | D:1      | Reached XP level 2. HP: 14/14 MP: 3/3
   718 | D:1      | 718 ||| UPGRADING to +0 cloak.
   723 | D:1      | 723 ||| READING scroll labelled RINWAY COTOME.
   724 | D:1      | 724 ||| DRINKING 2 pink potions.
   725 | D:1      | 725 ||| DROPPING scroll of butterflies.
   726 | D:1      | 726 ||| DROPPING potion of brilliance.
   752 | D:2      | 752 ||| STAIRDANCE
   761 | D:1      | Reached XP level 3. HP: 14/18 MP: 4/4
   778 | D:2      | 778 ||| STAIRDANCE
   793 | D:2      | 793 ||| STAIRDANCE
   805 | D:2      | 805 ||| STAIRDANCE
   829 | D:2      | 829 ||| STAIRDANCE
   832 | D:1      | HP: 3/18 [adder (3)]
   833 | D:1      | HP: 1/18 [poisoned by an adder]
   833 | D:1      | Slain by a goblin

Levels and vault maps discovered:
D:1:      amcnicky_arrival_flooded_fountain, layout_basic
D:2:      layout_loops_ring, uniq_robin, uniq_natasha, uniq_crazy_yiuf_cottage

Skill      XL: |  1  2 |
---------------+-------+-----
Dodging        | 3 4 |  4.1
Fighting       | |  1.5
Ranged Weapons | |  4.4
Stealth        | |  1.5

Action                     || total
---------------------------++-------
   Fire: Shortbow          ||    69
    Use: Scroll            ||     1
         Potion            ||     1
 Armour: Robe              ||    23
  Dodge: Dodged            ||    50

Table legend:
 A = Non-vault XP
 B = Vault XP
 C = Vault XP percentage of total XP
 D = Non-vault monster count
 E = Vault monster count
 F = Vault count percentage of total count
                 A         B        C        D         E       F
            +---------+---------+-------+---------+---------+-------
      Total |      39 |      12 |  23.5 |      22 |       6 |  21.4
            +---------+---------+-------+---------+---------+-------
        D:1 |      39 |      12 |  23.5 |      22 |       6 |  21.4
            +---------+---------+-------+---------+---------+-------
